 Dungeon Crawl Stone Soup version 0.31-a0-365-gcf821cafb2 (webtiles) character file.

Game seed: 8159765245597121063

1047056 RepHenryClay the Petrodigitator (level 27, -6/157 (176) HPs)
             Began as a Deep Elf Venom Mage on July 26, 2023.
             Was the Champion of Vehumet.
             Killed from afar by a crystal guardian (11 damage)
             ... with a crystal bolt
             ... on level 4 of the Iron City of Dis on July 28, 2023.
             The game lasted 05:51:22 (122750 turns).

RepHenryClay the Petrodigitator (DEVM)            Turns: 122750, Time: 05:51:23

HP:   -6/157 (176)  AC: 20    Str:  9      XL:     27
MP:   45/45         EV: 27    Int: 34      God:    Vehumet [******]
Gold: 11110         SH:  0    Dex: 18 (19) Spells: 0/80 levels left

rFire   + + .        b - +3 Elemental Staff {rElec rF+ rC+ AC+3}
rCold   + . .        l - orb {*channel}
rNeg    + . .        N - +7 faerie dragon scales {Regen+ rCorr Str+3}
rPois   +            L - +2 helmet {Int+3}
rElec   +            s - +2 cloak {rCorr}
rCorr   +            e - +2 pair of gloves
SInv    .            M - +2 pair of boots
Will    +++++        W - amulet of regeneration
Stlth   +++++        y - ring "Huse" {rElec rPois rN+ Will+ Stlth+}
HPRegen 2.06/turn    z - ring of Ciuw {rF+ Will+ Str+3}
MPRegen 0.29/turn

%: channel magic (20%)
@: very slightly contaminated, heavily drained, corroded
A: low MP 2, strong-willed 1, sense surroundings 1, weak 1
}: 11/15 runes: decaying, slimy, silver, bone, abyssal, demonic, glowing,
magical, fiery, dark, gossamer
a: Renounce Religion


You were on level 4 of the Iron City of Dis.
You worshipped Vehumet.
Vehumet was exalted by your worship.
You visited 15 branches of the dungeon, and saw 69 of its levels.
You visited Pandemonium 6 times, and saw 29 of its levels.
You visited the Abyss 5 times.
You also visited: Trove, Gauntlet, Volcano and Wizlab.

You collected 13973 gold pieces.
You spent 2863 gold pieces at shops.

Inventory:

Hand Weapons
 b - the +3 Elemental Staff (weapon) {rElec rF+ rC+ AC+3}
   (You found it on level 10 of the Dungeon)

   It enhances your fire, ice, earth and air magic.
   AC:        It affects your AC (+3).
   rF:        It protects you from fire.
   rC:        It protects you from cold.
   rElec:     It insulates you from electricity.
Missiles
 v - 3 throwing nets
Armour
 e - a +2 pair of gloves (worn)
 l - an orb of energy (worn)
 s - a +2 cloak of preservation (worn)
 A - the +2 robe "Ehask" {rElec Archmagi}
   (You found it on level 2 of the Lair of Beasts)

   rElec:     It insulates you from electricity.
   Archmagi:  It increases the power of your magical spells.
 D - the +0 mask of the Dragon {Will+ Slay+3 SInv}
   (You found it on level 2 of the Depths)

   Slay:      It affects your accuracy & damage with ranged weapons and melee
   (+3).
   SInv:      It lets you see invisible.
   Will:      It increases your willpower.
 G - a +2 robe of cold resistance
 L - a +2 helmet of intelligence (worn)
 M - a +2 pair of boots (worn)
 N - the +7 faerie dragon scales (worn) {Regen+ rCorr Str+3}
   (You took it off the Enchantress on level 4 of the Depths)

   Str:       It affects your strength (+3).
   Regen:     It increases your rate of health regeneration.
   rCorr:     It protects you from acid and corrosion.
 Q - a +0 buckler of fire resistance
 U - a +2 cloak of fire resistance
Magical Staves
 a - the staff "Bacweto" {Str+2 Conj}
   (You found it on level 7 of Tartarus)

   [staff of conjuration]

   Base accuracy: +5 Base damage: 5 Base attack delay: 1.2 This weapon's minimum
   attack delay (0.6) is reached at skill level 12.
   Str:       It affects your strength (+2).
   Conj:      It increases the power of your Conjurations spells.
   It falls into the 'Staves' category.
   It is a one-handed weapon.
 F - the staff "Hydrabane" {Fly rF+ rC+ rCorr Earth}
   (You found it on level 7 of the Dungeon)

   [staff of earth]

   Base accuracy: +5 Base damage: 5 Base attack delay: 1.2 This weapon's minimum
   attack delay (0.6) is reached at skill level 12.
   rF:        It protects you from fire.
   rC:        It protects you from cold.
   Fly:       It grants you flight.
   rCorr:     It protects you from acid and corrosion.
   Earth:     It increases the power of your Earth spells.
   It falls into the 'Staves' category.
   It is a one-handed weapon.
Jewellery
 d - the amulet "Remasitt" {Acrobat rN+ Will+}
   (You found it on level 5 of the Pits of Slime)

   [amulet of the acrobat]

   It increases your evasion while moving and waiting.
   rN:        It protects you from negative energy.
   Will:      It increases your willpower.
 o - the ring "Denkifuta" {rPois rC+ Dex+2}
   (You found it in Pandemonium)

   [ring of poison resistance]

   Dex:       It affects your dexterity (+2).
   rC:        It protects you from cold.
   rPois:     It protects you from poison.
 y - the ring "Huse" (left hand) {rElec rPois rN+ Will+ Stlth+}
   (You bought it in a shop on level 2 of the Elven Halls)

   [ring of positive energy]

   rElec:     It insulates you from electricity.
   rPois:     It protects you from poison.
   rN:        It protects you from negative energy.
   Will:      It increases your willpower.
   Stlth:     It makes you more stealthy.
 z - the ring of Ciuw (right hand) {rF+ Will+ Str+3}
   (You found it on level 3 of the Crypt)

   [ring of willpower]

   Str:       It affects your strength (+3).
   rF:        It protects you from fire.
   Will:      It increases your willpower.
 V - the ring of the Hare {EV+10}
   (You found it on level 5 of the Pits of Slime)

   [ring of evasion]

   EV:        It affects your evasion (+10).
 W - an amulet of regeneration (around neck)
Wands
 g - a wand of mindburst (118)
 B - a wand of light (28)
 I - a wand of roots (103)
 K - a wand of digging (15)
 Z - a wand of charming (67)
Scrolls
 f - 10 scrolls of amnesia
 k - 3 scrolls of revelation
 m - 8 scrolls of vulnerability
 n - a scroll of blinking
 q - 9 scrolls of teleportation
 r - 8 scrolls of brand weapon
 u - 11 scrolls of immolation
 H - 6 scrolls of fear
 J - 8 scrolls of enchant armour
 O - 9 scrolls of enchant weapon
 S - 3 scrolls of butterflies
 Y - 7 scrolls of fog
Potions
 c - 5 potions of brilliance
 h - 4 potions of mutation
 i - 29 potions of curing
 j - 13 potions of heal wounds
 p - 5 potions of haste
 t - 6 potions of ambrosia
 w - 9 potions of might
 x - 7 potions of resistance
 E - 5 potions of magic
 R - 16 potions of enlightenment
 T - 4 potions of cancellation
 X - 9 potions of invisibility
Miscellaneous
 C - a condenser vane (inert)


   Skills:
 - Level 19.0 Fighting
 - Level 15.7 Staves
 O Level 27 Dodging
 - Level 9.9 Stealth
 O Level 27 Spellcasting
 + Level 24.1 Conjurations
 O Level 27 Necromancy
 - Level 10.8 Translocations
 - Level 1.1 Transmutations
 + Level 18.4 Air Magic
 O Level 27 Earth Magic
 - Level 7.1 Poison Magic
 - Level 12.0 Evocations


You couldn't memorise any spells.
You knew the following spells:

 Your Spells              Type           Power      Damage    Failure   Level
a - Leda's Unmaking       Conj/Erth      73%        9d12      1%          6
b - Borgnjor's Revivific  Necr           62%        N/A       1%          8
c - Iskenderun's Mystic   Conj/Tloc      100%       2d19      1%          4
d - Dispel Undead         Necr           100%       3d31      1%          4
e - Lehudib's Crystal Sp  Conj/Erth      73%        10d16     1%          8
f - Iskenderun's Battles  Conj           100%       2d15      1%          5
g - Mephitic Cloud        Conj/Pois/Air  100%       N/A       1%          3
h - Orb of Destruction    Conj           59%        9d14      1%          7
i - Airstrike             Air            65%        2d(10-26) 1%          4
j - Death's Door          Necr           62%        N/A       6%          9
k - Chain Lightning       Conj/Air       68%        3d91      9%          9
m - Shatter               Erth           74%        3d54*     1%          9
Q - Sublimation of Blood  Necr           100%       N/A       1%          2
W - Blink                 Tloc           100%       N/A       1%          2

Your spell library contained the following spells:

 Spells                   Type           Power      Damage    Failure   Level
 Apportation              Tloc           100%       N/A       1%          1
 Foxfire                  Conj/Fire      100%       2x1d9     1%          1
 Kiss of Death            Conj/Necr      100%       2d13      1%          1
 Magic Dart               Conj           100%       1d8       1%          1
 Necrotise                Necr           100%       1d9       1%          1
 Sandblast                Erth           100%       2d20      1%          1
 Shock                    Conj/Air       100%       1d9       1%          1
 Sting                    Tmut/Pois      100%       1d8       1%          1
 Cigotuvi's Dreadful Rot  Necr/Pois/Air  100%       N/A       1%          2
 Passwall                 Tmut/Erth      99%        N/A       1%          2
 Poisonous Vapours        Pois/Air       100%       N/A       1%          2
 Scorch                   Fire           100%       2d9       1%          2
 Searing Ray              Conj           100%       2d8       1%          2
 Static Discharge         Conj/Air       100%       2-7/arc   1%          2
 Dazzling Flash           Conj/Hex       100%       N/A       1%          3
 Gell's Gravitas          Tloc           88%        N/A       1%          3
 Hailstorm                Conj/Ice       100%       3d20      1%          3
 Ignite Poison            Fire/Tmut/Pois 77%        N/A       1%          3
 Stone Arrow              Conj/Erth      100%       3d13      1%          3
 Teleport Other           Tloc           88%        N/A       1%          3
 Vampiric Draining        Necr           100%       2d13      1%          3
 Volatile Blastmotes      Fire/Tloc      100%       2d18      1%          3
 Anguish                  Hex/Necr       47%        N/A       1%          4
 Animate Armour           Summ/Erth      100%       N/A       1%          4
 Animate Dead             Necr           100%       N/A       1%          4
 Flame Wave               Conj/Fire      100%       2d21      1%          4
 Fulminant Prism          Conj/Hex       45%        3d21      1%          4
 Leda's Liquefaction      Hex/Erth       58%        N/A       1%          4
 Manifold Assault         Tloc           88%        N/A       1%          4
 Olgreb's Toxic Radiance  Pois           76%        N/A       1%          4
 Passage of Golubria      Tloc           88%        N/A       1%          4
 Petrify                  Tmut/Erth      100%       N/A       1%          4
 Sticky Flame             Conj/Fire      100%       2d11      1%          4
 Agony                    Necr           100%       N/A       1%          5
 Arcjolt                  Conj/Air       68%        1d78      1%          5
 Borgnjor's Vile Clutch   Necr/Erth      74%        N/A       1%          5
 Fireball                 Conj/Fire      56%        3d22      1%          5
 Freezing Cloud           Conj/Ice/Air   72%        6-21      1%          5
 Irradiate                Conj/Tmut      46%        3d27      1%          5
 Lee's Rapid Deconstruct  Erth           74%        3d33*     1%          5
 Conjure Ball Lightning   Conj/Air       68%        3x3d25    1%          6
 Death Channel            Necr           62%        N/A       1%          6
 Starburst                Conj/Fire      56%        6d15      1%          6
 Infestation              Necr           62%        N/A       1%          8
 Frozen Ramparts          Ice            100%       1d16      2%          3
 Inner Flame              Hex/Fire       62%        N/A       2%          3
 Portal Projectile        Hex/Tloc       100%       N/A       2%          3
 Summon Lightning Spire   Summ/Air       100%       N/A       2%          4
 Plasma Beam              Fire/Air       63%        2x1d79    2%          6
 Maxwell's Capacitive Co  Air            65%        ∞         2%          8
 Silence                  Hex/Air        52%        N/A       3%          5
 Simulacrum               Ice/Necr       58%        N/A       3%          6
 Slow                     Hex            100%       N/A       4%          1
 Summon Small Mammal      Summ           100%       N/A       4%          1
 Wereblood                Tmut           52%        N/A       4%          2
 Spellforged Servitor     Conj/Summ      45%        N/A       4%          7
 Ensorcelled Hibernation  Hex/Ice        100%       N/A       5%          2
 Dispersal                Tloc           44%        N/A       6%          6
 Call Canine Familiar     Summ           45%        N/A       9%          3
 Confusing Touch          Hex            45%        N/A       9%          3
 Ozocubu's Armour         Ice            62%        N/A       9%          3
 Summon Guardian Golem    Hex/Summ       45%        N/A       9%          3
 Tukima's Dance           Hex            45%        N/A       9%          3
 Summon Forest            Summ/Tloc      35%        N/A       9%          5
 Haunt                    Necr/Summ      47%        N/A       10%         7
 Yara's Violent Unravell  Hex/Tmut       24%        3d11      11%         5
 Alistair's Intoxication  Tmut/Pois      43%        N/A       13%         5
 Eringya's Noxious Bog    Tmut/Pois      32%        4d6       13%         6
 Cause Fear               Hex            22%        N/A       21%         4
 Summon Ice Beast         Ice/Summ       62%        N/A       21%         4
 Metabolic Englaciation   Hex/Ice        31%        N/A       43%         5
 Summon Mana Viper        Hex/Summ       45%        N/A       43%         5
 Fire Storm               Conj/Fire      56%        8d14      87%         9
 Summon Cactus Giant      Summ           22%        N/A       89%         6
 Ozocubu's Refrigeration  Ice            31%        4d14      89%         7
 Enfeeble                 Hex            22%        N/A       100%        7
 Monstrous Menagerie      Summ           22%        N/A       100%        7
 Summon Hydra             Summ           22%        N/A       100%        7
 Discord                  Hex            22%        N/A       100%        8
 Ignition                 Fire           31%        3d10      100%        8
 Summon Horrible Things   Summ           22%        N/A       100%        8
 Dragon's Call            Summ           22%        N/A       100%        9
 Polar Vortex             Ice            31%        12d4*     100%        9


Dungeon Overview and Level Annotations

Branches:
Dungeon (15/15)            Temple (1/1) D:4            Lair (5/5) D:10
  Swamp (4/4) Lair:3       Spider (4/4) Lair:2        Slime (5/5) Lair:4
    Orc (2/2) D:11            Elf (3/3) Orc:2        Vaults (5/5) D:14
  Crypt (3/3) Vaults:2       Tomb (0/3) Crypt:3      Depths (4/4) D:15
   Hell (visited)             Dis (5/7) Hell            Geh (0/7) Hell
    Coc (0/7) Hell            Tar (7/7) Hell            Zot (5/5) Depths:4
Volcano (visited)          WizLab (visited)         Gauntlet (visited)

Altars:
Ashenzari
Cheibriados
Dithmenos
Elyvilon
Fedhas
Gozag
Hepliaklqana
Kikubaaqudgha
Makhleb
Nemelex Xobeh
Okawaru
Qazlal
Ru
Sif Muna
Trog
Uskayaw
Vehumet
Wu Jian
Xom
Yredelemnul
Zin
The Shining One
Jiyva

Shops:
D:4 :   D:7 *   D:10 *   Orc:2 !=*:   Elf:2 =   Elf:3 (*[[   Vaults:3 (
Vaults:4 [   Depths:1 [   Depths:2 *   Depths:3 *   Depths:4 *(

Portals:
Hell: Depths:1 Depths:2 Depths:3 Depths:4
Abyss: Depths:1 Depths:3 Depths:4
Pandemonium: Depths:2
Ziggurat: Depths:3

Annotations:
Spider:3 3 runed translucent doors, Dojos's ghost, adept NaFi; Fogaerej's ghost, adept AtBe; Yvvueqof's ghost, journeyman FeEn


Innate Abilities, Weirdness & Mutations

Your magical capacity is very low. (-20% MP)
You are strong-willed. (Will+)
You passively map a small area around you.
You are weak. (Str -2)


Message History

Confirm with . or Enter, or press ? or * to list all spells.
You feel a surge of power! Lightning arcs from your hands!
The bolt of lightning hits the Hell Sentinel!!!
The Hell Sentinel resists.
You kill the Hell Sentinel!
Vehumet accepts your kill.
You feel your power returning. The bolt of lightning hits you! You resist.
The bolt of lightning hits the caustic shrike!!!!
You kill the caustic shrike!
Vehumet accepts your kill.
You feel your power returning.
The bolt of lightning hits the caustic shrike!!!!
You kill the caustic shrike!
Vehumet accepts your kill.
The bolt of lightning hits the caustic shrike!!!!
You kill the caustic shrike!
Vehumet accepts your kill.
You feel your dexterity returning.
Unknown command.
Damage: -6%(-9hp) hp: 40%(64hp)
A crystal guardian, a Hell Sentinel and an ancient champion come into view.
The Hell Sentinel gestures at you.
The sphere of damnation explodes!
The damnation engulfs you!!!
* * * LOW HITPOINT WARNING * * *
Huge Dmg: -27%(-43hp) hp: 16%(25hp)
Casting: Chain Lightning (dangerous; 9% risk of failure)
Confirm with . or Enter, or press ? or * to list all spells.
You miscast Death's Door.
Flickering shadows surround you! You partially resist.
You feel drained.
* * * LOW HITPOINT WARNING * * *
Magical energy flows into your mind!
A tormentor comes into view.
The crystal guardian glitters, brittle, in the dim dungeon light.
The crystal guardian fires a crystalline bolt at you.
The crystal bolt freezes you! You resist.
* * * LOW HITPOINT WARNING * * *
Huge Dmg: -14%(-22hp) hp: 2%(3hp)
The crystal guardian fires a crystalline bolt at you.
The crystal bolt burns you! You resist.
You die...

+* #.........#
,#....E2...# * ,,
#.........##### *
,,#..)9........... *
+####...............
....................
*
.......>.......)....
.....z1........†....
..........@.........
............†.......
............∩######
, ##'####.....†#**
........... , *
###########


You could see a Hell Sentinel, a quicksilver elemental, an ancient champion, a
crystal guardian and a tormentor.

Vanquished Creatures
  Cerebov (Pan)
  the Royal Jelly (Slime:5)
  Ereshkigal (Tar:7)
  Gloorx Vloq (Pan)
  Lom Lobon (Pan)
  the Serpent of Hell (Tar:7)
  Mnoleg (Pan)
  8 dread liches
  7 pandemonium lords (Pan)
  Khufu (Crypt:3)
  10 orbs of fire
  9 ancient liches
  A royal mummy (Crypt:3)
  Sojobo (Vaults:3)
  Parghit (Depths:3)
  Vv (Depths:3)
  A Head Instructor (WizLab)
  Frederick (Depths:4)
  Xtahua (Vaults:3)
  5 Killer Klowns
  3 curse toes
  10 caustic shrikes
  Geryon (Hell)
  12 golden dragons
  the Enchantress (Depths:4)
  8 bone dragons
  19 profane servitors
  An iron giant (Dis:1)
  8 doom hounds
  Arachne (Spider:4)
  7 Brimstone Fiends (Pan)
  21 Tzitzimimeh
  4 electric golems
  19 tainted leviathans
  2 shard shrike zombies (Crypt:3)
  2 Ice Fiends (Pan)
  The ghost of Roffer the Warrior, an adept DsGl of Cheibriados (Depths:2)
  36 tentacled monstrosities
  Rupert (Lair:4)
  A walking crystal tome (Depths:3)
  2 hellephants (Depths:1)
  6 Hell Sentinels
  A walking frostbound tome (Depths:3)
  A deep elf blademaster (Elf:3)
  Grunn (Zot:4)
  8 liches
  4 quicksilver dragons
  25 Orb Guardians (Zot:5)
  13 titans
  2 deep elf master archers (Elf:3)
  13 acid blobs
  An eldritch tentacle (Pan)
  41 Executioners
  14 death cobs
  4 thorn hunters
  9 ancient champions
  6 sphinxes
  5 tentacled starspawn
  Agnes (Elf:1)
  10 tengu reavers
  25 storm dragons
  12 rockslimes
  16 shadow dragons
  Aizul (Depths:1)
  5 draconian monks
  11 demonspawn warmongers (Pan)
  8 draconian knights
  3 revenants
  A quicksilver elemental (Dis:2)
  15 azure jellies
  5 draconian scorchers
  5 frost giants
  13 deep elf sorcerers
  11 fire giants
  7 emperor scorpions
  5 iron dragons
  7 draconian shifters
  A spectral juggernaut (Tar:4)
  Louise (Swamp:1)
  12 ghost moths
  27 balrugs (Pan)
  16 cacodemons
  3 deep elf elementalists (Elf:3)
  15 very ugly things
  6 curse skulls
  8 vault wardens
  2 orc warlords
  3 juggernaut zombies
  8 quicksilver oozes
  13 draconian annihilators
  9 spriggan defenders
  7 demonspawn corrupters (Pan)
  10 ironbound preservers
  A caustic shrike skeleton (Crypt:3)
  4 ghouls (Crypt:1)
  6 ironbound thunderhulks
  A juggernaut skeleton (Crypt:3)
  3 draconian stormcallers
  29 reapers
  3 demonspawn blood saints (Pan)
  4 formless jellyfish
  2 ophanim
  15 war gargoyles
  22 putrid mouths
  4 deep elf demonologists
  A hydra skeleton (Swamp:4)
  15 stone giants
  15 lorocyprocas
  11 black draconians
  6 demonspawn black suns (Pan)
  12 green draconians
  Azrael (Elf:2)
  17 vampire knights
  4 dire elephants (Vaults:3)
  2 broodmothers (Spider:3)
  6 eleionomae
  6 spark wasps
  8 bunyips
  7 deep elf annihilators
  18 yellow draconians
  A minotaur (Gauntlet)
  14 white draconians
  5 eidola
  15 purple draconians
  10 red draconians
  A spectral quicksilver dragon (Tar:5)
  8 deep elf death magi
  14 ettins
  32 blizzard demons
  8 iron golems
  19 green deaths
  3 crystal guardians (Vaults:2)
  5 fire dragons
  4 jiangshi
  13 yaktaur captains
  8 deep elf high priests
  4 spectral spriggans
  7 entropy weavers
  Josephine (D:11)
  2 shambling mangroves (Swamp:4)
  36 vault guards
  2 quicksilver dragon zombies
  Harold (D:9)
  5 spriggan zombies
  17 great orbs of eyes
  15 rakshasas
  5 peacekeepers
  12 hydras
  8 ice dragons
  10 spriggan air magi
  6 hell beasts (Pan)
  2 juggernaut simulacra (Pan)
  5 ogre magi
  3 radroaches
  A spectral stone giant (Tar:4)
  2 ghost crabs
  8 ironbound frosthearts
  3 two-headed ogres
  An alligator (shapeshifter) (Vaults:5)
  5 centaur warriors
  A radroach (shapeshifter) (Depths:3)
  A catoblepas (Lair:5)
  A naga warrior (Abyss:3)
  4 spriggan skeletons
  8 boulder beetles
  7 jorogumos
  2 death knights
  6 alligators
  28 dancing weapons
  14 death yaks
  4 deep troll shamans
  14 thrashing horrors
  6 tengu warriors
  8 deep troll earth magi
  8 vampire magi
  5 spriggan berserkers
  14 hell hogs
  7 orc high priests
  38 demonic crawlers
  A storm dragon zombie (Hell)
  A titan skeleton (Crypt:2)
  Urug (D:10)
  102 sun demons
  2 spectral nagas (Tar:1)
  20 deep elf knights
  14 spriggans
  22 hell knights
  25 soul eaters
  Amaemon (Lair:2)
  2 skysharks (Lair:4)
  2 salamander mystics
  4 crystal echidnas
  15 skeletal warriors
  13 shadow wraiths
  A fire crab (shapeshifter) (D:14)
  21 sixfirhies
  11 iron trolls
  5 pharaoh ants
  9 wretched stars
  39 deep trolls
  A deep troll (shapeshifter) (Vaults:5)
  6 sun moths
  A glowing orange brain (shapeshifter) (Vaults:5)
  An orb spider (shapeshifter) (Elf:2)
  An anaconda zombie (Crypt:1)
  5 goliath frogs
  2 golden dragon zombies (Hell)
  7 spriggan druids
  11 deep elf archers
  14 glowing orange brains
  7 lindwurms
  17 flayed ghosts
  10 wizards
  4 bog bodies
  11 shadow demons
  6 spectral hydras
  3 bunyip skeletons
  25 ironbound convokers
  A golden dragon skeleton (Crypt:2)
  A spriggan simulacrum (Crypt:1)
  5 swamp dragons
  8 orb spiders
  A spectral iron dragon (Tar:4)
  A tengu zombie (Crypt:2)
  13 necromancers
  8 steelbarb worms
  A shadow dragon zombie (Crypt:2)
  A harpy (Vaults:1)
  2 frost giant zombies (Hell)
  9 starcursed masses
  23 phantasmal warriors
  57 large abominations
  25 ugly things
  A stone giant zombie (Hell)
  3 mana vipers (WizLab)
  A shadow dragon skeleton (Pan)
  An orc sorcerer (Volcano)
  12 orc knights
  7 will-o-the-wisps
  21 deep elf pyromancers
  18 deep elf zephyrmancers
  A shining eye (shapeshifter) (Vaults:5)
  A mana viper (shapeshifter) (Abyss:7)
  3 oklob plants (Swamp:4)
  26 wolf spiders
  5 manticores
  9 shining eyes
  2 salamanders (Depths:2)
  An iron dragon skeleton (Crypt:2)
  An iron dragon zombie (Crypt:1)
  23 moths of wrath
  A stone giant skeleton (Crypt:2)
  3 cyclopes
  14 elephants
  A guardian serpent (Abyss:3)
  A spectral centaur (Tar:2)
  Joseph (D:7)
  5 ice statues (Pan)
  16 vault sentinels
  7 fire giant skeletons (Crypt:3)
  4 torpor snails
  An apocalypse crab (Abyss:7)
  22 orange demons
  14 rust devils
  A yaktaur zombie (Vaults:4)
  41 smoke demons
  5 naga skeletons
  5 gargoyles
  A black mamba (Lair:4)
  16 cane toads
  2 eyes of devastation
  An unseen horror (shapeshifter) (Abyss:7)
  A catoblepas zombie (Crypt:2)
  16 hellions
  11 spectral swamp worms (Tar:7)
  13 tormentors
  11 freezing wraiths
  15 yaktaurs
  Maggie (D:6)
  8 komodo dragons
  A rime drake (Lair:1)
  7 red devils
  2 dire elephant skeletons (Crypt:2)
  3 unseen horrors
  A death yak skeleton (Crypt:2)
  A pale draconian zombie (Crypt:2)
  7 spectral harpies
  A sea snake skeleton (Crypt:2)
  9 tengu conjurers
  10 efreet
  A minotaur skeleton (Pan)
  9 ice devils
  A mana viper zombie (Crypt:2)
  3 bloated husks
  A harpy zombie (Crypt:2)
  3 ancient zymes
  A shadow dragon simulacrum (Vaults:4)
  A queen bee (Abyss:3)
  7 trolls
  A polar bear (shapeshifter) (Elf:3)
  5 polar bears
  7 blink frogs (Lair:3)
  19 hellwings
  A meliai (shapeshifter) (D:11)
  7 meliai
  7 tyrant leeches
  5 hydra zombies (Swamp:4)
  14 hornets
  16 wind drakes (Pan)
  A moth of wrath zombie (Crypt:1)
  A radroach zombie (Crypt:2)
  13 tarantellas
  Grinder (D:5)
  3 death drake skeletons
  An iron dragon simulacrum (Crypt:1)
  The ghost of ElfOfPi the Stinger, an amateur HuWn (D:4)
  11 raiju
  4 harpy skeletons
  An ettin zombie (Hell)
  A stone giant simulacrum (Crypt:2)
  119 slime creatures
  14 culicivoras
  5 shadows
  43 ynoxinuls
  2 black mamba zombies
  4 flying skulls
  A centaur simulacrum (Crypt:1)
  8 vampires
  23 wraiths
  A dire elephant simulacrum (Hell)
  37 jumping spiders
  Sigmund (D:6)
  2 elf skeletons
  6 fire elementals
  A water elemental (Depths:1)
  9 fire dragon skeletons (Crypt:3)
  32 yaks
  2 naga simulacra (Hell)
  8 wyverns
  A human (shapeshifter) (Depths:2)
  4 basilisks
  A golden eye (shapeshifter) (Elf:2)
  19 golden eyes
  39 neqoxecs
  A steam dragon (D:7)
  51 redbacks
  An alligator snapping turtle simulacrum (Crypt:1)
  19 vampire mosquitoes
  55 chaos spawn
  2 naga zombies
  A glowing shapeshifter zombie (Hell)
  A warg (shapeshifter) (Vaults:5)
  6 wargs
  4 nagas (Abyss:3)
  15 swamp worms
  Edmund (D:5)
  19 water moccasins
  Duvessa (D:6)
  A swamp worm (shapeshifter) (Vaults:5)
  An acid dragon (D:10)
  A faun skeleton (Crypt:1)
  2 hydra simulacra
  5 hell hounds (Elf:2)
  A glowing shapeshifter skeleton (Vaults:4)
  7 sky beasts
  6 floating eyes
  8 swamp drakes
  3 ice beasts
  An elephant zombie (Crypt:2)
  An ettin simulacrum (Hell)
  40 orc warriors
  5 black bears
  A black mamba simulacrum (Crypt:1)
  A boggart (Vaults:2)
  2 small abominations (Abyss:1)
  2 swamp dragon zombies (Swamp:4)
  8 ogres
  25 wolves
  8 centaurs
  A salamander zombie (Crypt:1)
  3 kobold brigands
  11 bullfrogs
  A necrophage (Crypt:1)
  2 earth elementals (Elf:1)
  7 scorpions
  A wight (Crypt:3)
  2 wyvern skeletons
  A cyclops skeleton (Crypt:1)
  5 killer bees (D:10)
  Dowan (D:6)
  9 howler monkeys
  7 electric eels
  2 jellies
  2 centaur zombies
  A crimson imp (Abyss:1)
  2 hounds
  3 quasits (Abyss:1)
  A gnoll bouda (D:5)
  24 orc priests
  Crazy Yiuf (D:3)
  A centaur skeleton (D:4)
  3 iguanas
  An iron imp (Abyss:1)
  Natasha (thrice) (D:3)
  11 hell rats
  22 orc wizards
  2 mummies (Crypt:3)
  16 gnolls
  9 adders
  A swamp drake zombie (Crypt:1)
  A howler monkey skeleton (D:4)
  3 shadow imps
  A swamp drake skeleton (Crypt:1)
  2 white imps
  2 ufetubi
  3 worms
  4 dart slugs
  73 orcs
  4 endoplasms
  4 giant cockroaches
  5 goblins
  6 hobgoblins
  9 jackals
  16 kobolds
  5 quokkas
  8 ball pythons
  5 bats
  2 frilled lizards (D:1)
  4 rats
  A rat skeleton (Crypt:2)
  2 fire vortices (Hell)
  A lurking horror (Abyss:1)
  2 starspawn tentacles
3559 creatures vanquished.

Vanquished Creatures (others)
  A demonspawn warmonger (Pan)
  2 green deaths (Pan)
  A spriggan air mage (WizLab)
  2 sun demons (Pan)
  A soul eater (Pan)
  A wretched star (Abyss:7)
  A necromancer (WizLab)
  A fire vortex (Pan)
  14 foxfires
  7 starspawn tentacles
31 creatures vanquished.

Grand Total: 3590 creatures vanquished

Notes
Turn   | Place    | Note
-------+----------+-------------------------------------------
     0 | D:1      | RepHenryClay the Deep Elf Venom Mage began the quest for
                  | the Orb.
     0 | D:1      | Reached XP level 1. HP: 10/10 MP: 6/6
   359 | D:1      | Reached XP level 2. HP: 15/15 MP: 6/8
   938 | D:2      | Reached XP level 3. HP: 11/19 MP: 4/9
  1002 | D:2      | Learned a level 2 spell: Poisonous Vapours
  1006 | D:2      | Learned a level 3 spell: Mephitic Cloud
  1249 | D:2      | Reached skill level 1 in Air Magic
  1350 | D:2      | Reached XP level 4. HP: 24/24 MP: 2/10
  1883 | D:3      | Found a basalt altar of Yredelemnul.
  1960 | D:3      | Noticed Natasha
  1969 | D:3      | Killed Natasha
  2149 | D:2      | Reached XP level 5. HP: 21/28 MP: 2/11
  2917 | D:3      | Noticed Natasha
  2928 | D:3      | Killed Natasha
  3127 | D:3      | Noticed Natasha
  3135 | D:3      | Killed Natasha
  3262 | D:3      | Found a runed translucent door.
  3263 | D:3      | Noticed Crazy Yiuf
  3314 | D:3      | Found a faded altar of an unknown god.
  3639 | D:4      | Found a staircase to the Ecumenical Temple.
  3667 | Temple   | Entered the Ecumenical Temple
  3689 | Temple   | Became a worshipper of Vehumet
  3732 | D:4      | Reached skill level 5 in Poison Magic
  3732 | D:4      | Reached XP level 6. HP: 29/32 MP: 6/12
  3772 | D:4      | Reached skill level 5 in Dodging
  3867 | D:4      | Learned a level 4 spell: Olgreb's Toxic Radiance
  4498 | D:4      | Reached XP level 7. HP: 20/36 MP: 4/13
  5287 | D:4      | Found Nope's Book Emporium.
  5369 | D:5      | Entered Level 5 of the Dungeon
  5382 | D:5      | Noticed Grinder
  5560 | D:5      | Reached * piety under Vehumet
  5560 | D:5      | Offered knowledge of Sandblast by Vehumet.
  5563 | D:5      | Learned a level 1 spell: Sandblast
  5640 | D:5      | Killed Grinder
  5721 | D:5      | Noticed Edmund
  5735 | D:5      | Killed Edmund
  5736 | D:5      | Reached skill level 5 in Earth Magic
  5736 | D:5      | Reached XP level 8. HP: 15/41 MP: 1/14
  6481 | D:6      | Noticed Maggie
  6628 | D:6      | Noticed Sigmund
  6634 | D:6      | Reached skill level 1 in Conjurations
  6638 | D:6      | Killed Sigmund
  6806 | D:6      | Identified the +2 robe of Freedom {rN+}
  6992 | D:7      | Noticed Joseph
  7053 | D:6      | Reached skill level 5 in Conjurations
  7244 | D:7      | Killed Joseph
  7245 | D:7      | Reached XP level 9. HP: 20/45 MP: 6/15
  7392 | D:7      | Reached ** piety under Vehumet
  7392 | D:7      | Offered knowledge of Kiss of Death by Vehumet.
  7801 | D:7      | Identified the staff "Hydrabane" {Fly rF+ rC+ rCorr Earth}
  7835 | D:7      | Found Xuovvaon's Lightly-Used Armoury.
  8196 | D:7      | Reached skill level 5 in Spellcasting
  8201 | D:7      | Learned a level 4 spell: Iskenderun's Mystic Blast
  8372 | D:7      | Reached skill level 1 in Translocations
  8936 | D:8      | Found a bloodstained altar of Trog.
  8941 | D:8      | Found a burning altar of Makhleb.
  8960 | D:8      | Found a sacrificial altar of Ru.
  8962 | D:8      | Found a shimmering altar of Xom.
  9085 | D:8      | Reached skill level 5 in Translocations
  9339 | D:8      | Found an iron altar of Okawaru.
  9342 | D:8      | Found a shadowy altar of Dithmenos.
 10187 | D:9      | Reached XP level 10. HP: 50/50 MP: 12/20
 10189 | D:9      | Offered knowledge of Inner Flame by Vehumet.
 10327 | D:9      | Noticed Harold
 10354 | D:9      | Reached *** piety under Vehumet
 10358 | D:9      | Killed Harold
 10526 | D:8      | Identified a scroll of acquirement
 10526 | D:8      | Acquired a staff of poison
 10769 | D:9      | Got Qauddux's Anthology of Transmigration
 11397 | D:6      | Noticed Duvessa
 11397 | D:6      | Noticed Dowan
 11404 | D:6      | Killed Dowan
 11407 | D:6      | Killed Duvessa
 11768 | D:10     | Entered Level 10 of the Dungeon
 11858 | D:10     | Found Itetohel's Elemental Accessories.
 12037 | D:10     | Reached skill level 10 in Dodging
 12044 | D:10     | Offered knowledge of Sticky Flame by Vehumet.
 12137 | D:10     | Noticed Urug
 12269 | D:10     | Killed Urug
 12270 | D:10     | Reached XP level 11. HP: 46/54 MP: 16/25
 12460 | D:10     | Found the +3 Elemental Staff {rElec rF+ rC+ AC+3}
 12472 | D:10     | Found a staircase to the Lair.
 13067 | D:11     | Noticed a boulder beetle
 13219 | D:11     | Noticed Josephine
 13225 | D:11     | Reached skill level 10 in Conjurations
 13247 | D:11     | Killed Josephine
 13470 | D:11     | Reached **** piety under Vehumet
 13475 | D:11     | Offered knowledge of Irradiate by Vehumet.
 13646 | D:11     | Noticed a two-headed ogre
 13654 | D:11     | Killed a two-headed ogre
 13875 | D:11     | Noticed a two-headed ogre
 13888 | D:11     | Killed a two-headed ogre
 14036 | D:11     | Killed a boulder beetle
 14037 | D:11     | Reached skill level 10 in Spellcasting
 14189 | D:11     | Found a staircase to the Orcish Mines.
 14491 | Orc:1    | Entered Level 1 of the Orcish Mines
 15380 | D:4      | Bought a book of the Spheres for 702 gold pieces
 15386 | D:4      | Learned a level 5 spell: Iskenderun's Battlesphere
 15491 | D:4      | Found a runed translucent gate.
 15491 | D:4      | Found a runed translucent gate.
 15491 | D:4      | Found a runed translucent gate.
 15494 | D:4      | Noticed ElfOfPi's ghost (amateur HuWn)
 15678 | D:4      | Killed ElfOfPi's ghost
 16023 | Orc:2    | Entered Level 2 of the Orcish Mines
 16039 | Orc:2    | Learned a level 7 spell: Orb of Destruction
 16062 | Orc:2    | Upgraded the game from 0.31-a0-358-gac0dbeb3ab to
                  | 0.31-a0-360-gb3e1d13bf4
 16454 | Orc:2    | Reached XP level 12. HP: 59/59 MP: 8/28
 17000 | Orc:2    | Found a staircase to the Elven Halls.
 17294 | Orc:2    | Reached ***** piety under Vehumet
 17315 | Orc:2    | Offered knowledge of Airstrike by Vehumet.
 17321 | Orc:2    | Learned a level 4 spell: Airstrike
 17329 | Orc:2    | Noticed an orc high priest
 17335 | Orc:2    | Killed an orc high priest
 17989 | Orc:2    | Noticed an orc high priest
 17998 | Orc:2    | Killed an orc high priest
 18487 | Orc:2    | Noticed an orc high priest
 18519 | Orc:2    | Killed an orc high priest
 18846 | Orc:2    | Noticed an orc high priest
 18848 | Orc:2    | Noticed an orc high priest
 18858 | Orc:2    | Killed an orc high priest
 18859 | Orc:2    | Reached skill level 15 in Conjurations
 18861 | Orc:2    | Killed an orc high priest
 19005 | Orc:2    | Found Zozxinupt's Book Shop.
 19005 | Orc:2    | Found Igaokluh's Distillery.
 19006 | Orc:2    | Found Fiqy's Assorted Antiques.
 19006 | Orc:2    | Found Ydaxt's Jewellery Boutique.
 19014 | Orc:2    | Bought a scroll labelled DOSEINT BELINOL for 38 gold pieces
 19017 | Orc:2    | Bought a potion of enlightenment for 70 gold pieces
 19017 | Orc:2    | Bought a potion of attraction for 42 gold pieces
 19017 | Orc:2    | Bought a potion of berserk rage for 70 gold pieces
 19020 | Orc:2    | Bought a scroll of identify for 76 gold pieces
 19020 | Orc:2    | Bought a scroll of teleportation for 114 gold pieces
 19556 | Lair:1   | Entered Level 1 of the Lair of Beasts
 19635 | Lair:1   | Reached skill level 1 in Fighting
 19638 | Lair:1   | Noticed a death yak
 19639 | Lair:1   | Noticed a death yak
 19639 | Lair:1   | Noticed a death yak
 19665 | Lair:1   | Found a gate leading to a gauntlet.
 19674 | Gauntlet | Entered a Gauntlet
 19674 | Gauntlet | Noticed a death scarab
 19674 | Gauntlet | Found a transporter.
 19674 | Gauntlet | Found a transporter.
 19674 | Gauntlet | Found a transporter.
 19674 | Gauntlet | Found a transporter.
 19677 | Gauntlet | Noticed a death scarab
 19730 | Gauntlet | Found a transporter.
 19741 | Gauntlet | Found a transporter.
 19745 | Gauntlet | Noticed a tengu warrior
 19762 | Gauntlet | Found a transporter.
 19784 | Gauntlet | Found a transporter.
 19804 | Gauntlet | Found a transporter.
 19811 | Gauntlet | Found a transporter.
 19829 | Gauntlet | Found a transporter.
 19881 | Gauntlet | Found a transporter.
 19977 | Gauntlet | Identified the +2 helmet of Salvation {rF- Will+ Regen+}
 19981 | Gauntlet | Reached XP level 13. HP: 54/68 MP: 20/29
 20117 | Gauntlet | Identified the +0 plate armour of the Evening Star {Str+3}
 20117 | Gauntlet | Noticed a minotaur
 20126 | Gauntlet | Killed a minotaur
 20189 | Gauntlet | Identified the +0 leather armour of the Barnacled God {rN+}
 20742 | Lair:1   | Reached skill level 5 in Fighting
 21305 | Lair:1   | Got the Tome of Haze
 21515 | Lair:2   | Noticed Amaemon
 21526 | Lair:2   | Killed Amaemon
 21673 | Lair:2   | Found a dark tunnel.
 21679 | Volcano  | Entered a volcano
 22299 | Lair:2   | Identified the +5 quarterstaff of the Shrike {heavy, Dex+5}
 22369 | Lair:2   | Identified the +2 robe "Ehask" {rElec Archmagi}
 22615 | Lair:2   | Found a hole to the Spider Nest.
 23277 | Lair:3   | Offered knowledge of Leda's Unmaking by Vehumet.
 23424 | Lair:3   | Learned a level 6 spell: Leda's Unmaking
 23704 | Lair:3   | Found a staircase to the Swamp.
 23913 | Lair:3   | Found a sacrificial altar of Ru.
 24294 | Lair:4   | Noticed Rupert
 24432 | Lair:4   | Reached XP level 14. HP: 77/78 MP: 25/33
 24488 | Lair:4   | Killed Rupert
 24717 | Lair:4   | Found a staircase to the Slime Pits.
 24717 | Lair:4   | Found a viscous altar of Jiyva.
 24854 | Lair:4   | Reached skill level 15 in Spellcasting
 25227 | Lair:4   | Identified the +3 great sword "Goblinbane" {speed, Str+4}
 25828 | Lair:5   | Entered Level 5 of the Lair of Beasts
 28076 | D:6      | Killed Maggie
 28298 | D:3      | Killed Crazy Yiuf
 29183 | D:12     | You fall into a shaft and drop 1 floor!
 30338 | D:13     | Reached XP level 15. HP: 83/83 MP: 32/40
 32157 | D:14     | Found a gate to the Vaults.
 32334 | D:15     | Entered Level 15 of the Dungeon
 32483 | D:15     | Acquired 834 gold pieces
 32524 | D:15     | Found a staircase to the Depths.
 32794 | D:15     | Offered knowledge of Eringya's Noxious Bog by Vehumet.
 33737 | Spider:1 | Entered Level 1 of the Spider Nest
 33746 | Spider:1 | Reached skill level 10 in Earth Magic
 34184 | Spider:1 | Noticed an emperor scorpion
 34192 | Spider:1 | Killed an emperor scorpion
 34701 | Spider:1 | Noticed an emperor scorpion
 34714 | Spider:1 | Killed an emperor scorpion
 34868 | Spider:1 | Noticed an emperor scorpion
 34878 | Spider:1 | Killed an emperor scorpion
 35695 | Spider:1 | Reached XP level 16. HP: 88/88 MP: 17/42
 36502 | Spider:2 | Acquired the Catalogue of the Necrotic Fifth Circle
 36563 | Spider:2 | Reached ****** piety under Vehumet
 37007 | Spider:2 | Identified the amulet "Pifeffam" {Faith rC++}
 37112 | Spider:2 | Offered knowledge of Lee's Rapid Deconstruction by Vehumet.
 37132 | Spider:1 | Learned a level 5 spell: Lee's Rapid Deconstruction
 37422 | Spider:3 | Reached skill level 15 in Earth Magic
 37824 | Spider:3 | Reached skill level 15 in Dodging
 37850 | Spider:3 | Found a runed translucent gate.
 37850 | Spider:3 | Found a runed translucent gate.
 37851 | Spider:3 | Found a runed translucent gate.
 37851 | Spider:3 | Noticed Fogaerej's ghost (adept AtBe)
 37851 | Spider:3 | Noticed Dojos's ghost (adept NaFi)
 37851 | Spider:3 | Noticed Yvvueqof's ghost (journeyman FeEn)
 38988 | Spider:4 | Entered Level 4 of the Spider Nest
 40284 | Spider:4 | Offered knowledge of Ozocubu's Refrigeration by Vehumet.
 40796 | Spider:4 | Reached XP level 17. HP: 72/92 MP: 14/43
 41577 | Spider:4 | Noticed Arachne
 42165 | Spider:4 | Killed Arachne
 42908 | Spider:4 | Got a gossamer rune of Zot
 43349 | Swamp:1  | Entered Level 1 of the Swamp
 44141 | Swamp:1  | Noticed Louise
 44737 | Swamp:1  | Killed Louise
 45864 | Swamp:2  | Offered knowledge of Plasma Beam by Vehumet.
 46471 | Swamp:3  | Noticed a tentacled monstrosity
 46476 | Swamp:3  | Killed a tentacled monstrosity
 46476 | Swamp:3  | Noticed a tentacled monstrosity
 46481 | Swamp:3  | Killed a tentacled monstrosity
 47353 | Swamp:4  | Entered Level 4 of the Swamp
 47360 | Swamp:4  | Reached XP level 18. HP: 103/103 MP: 29/44
 47455 | Swamp:4  | Identified the +3 arbalest "Zuos" {freeze, Contam rN+++
                  | Str+8 Dex-3}
 48066 | Swamp:4  | Acquired 1263 gold pieces
 48274 | Swamp:4  | Learned a level 5 spell: Freezing Cloud
 48771 | Swamp:4  | Offered knowledge of Starburst by Vehumet.
 48779 | Swamp:4  | Learned a level 6 spell: Starburst
 49553 | Swamp:4  | Found a blossoming altar of Fedhas.
 49563 | Swamp:4  | Found a basalt altar of Yredelemnul.
 49576 | Swamp:4  | Got a decaying rune of Zot
 49947 | Vaults:1 | Entered Level 1 of the Vaults
 51177 | Vaults:1 | Found a portal to a secret trove of treasure.
 51412 | Vaults:1 | Offered knowledge of Shatter by Vehumet.
 51412 | Vaults:1 | Offered knowledge of Chain Lightning by Vehumet.
 51412 | Vaults:1 | Offered knowledge of Polar Vortex by Vehumet.
 52137 | Vaults:2 | You fall into a shaft and drop 1 floor!
 52485 | Vaults:3 | Found Mumm's Weapon Shop.
 52503 | Vaults:3 | Reached XP level 19. HP: 112/112 MP: 34/45
 52520 | Vaults:3 | Noticed Xtahua
 52524 | Vaults:3 | Killed Xtahua
 54517 | Vaults:2 | Found a staircase to the Crypt.
 55021 | Vaults:3 | Noticed Sojobo
 55548 | Vaults:3 | Killed Sojobo
 58714 | Vaults:4 | Reached XP level 20. HP: 117/117 MP: 27/48
 59171 | Vaults:4 | Found Wustih's Antique Armour Shop.
 59199 | Vaults:4 | Bought a glowing robe for 140 gold pieces
 59435 | Vaults:4 | Learned a level 9 spell: Shatter
 59787 | Elf:1    | Entered Level 1 of the Elven Halls
 60006 | Elf:1    | Acquired 1024 gold pieces
 60317 | Elf:1    | Noticed Agnes
 60320 | Elf:1    | Killed Agnes
 60551 | Elf:1    | Identified the amulet "Gacko" {Acrobat +Inv Str+3}
 61344 | Elf:2    | Noticed Azrael
 61348 | Elf:2    | Killed Azrael
 61723 | Elf:2    | Found a runed translucent gate.
 61724 | Elf:2    | Found a runed translucent gate.
 61724 | Elf:2    | Found a runed translucent gate.
 61847 | Elf:2    | Got Ciptouf's Omnibus of Quantum Ectoplasm
 61861 | Elf:2    | Found Hecen's Jewellery Shop.
 61872 | Elf:2    | Bought the ring "Huse" {rElec rPois rN+ Will+ Stlth+} for
                  | 699 gold pieces
 62971 | Elf:3    | Entered Level 3 of the Elven Halls
 62990 | Elf:3    | Found Raynah's Armour Shop.
 63074 | Elf:3    | Found a magical portal.
 63079 | WizLab   | Entered Yara's Duelist Academy
 63618 | WizLab   | Noticed Hegajoep
 63622 | WizLab   | Killed Hegajoep the Head Instructor
 63915 | WizLab   | Got Yara's Atlas of Curses
 64023 | WizLab   | Got Yara's Excursus on the Fairies
 64154 | Elf:3    | Reached skill level 1 in Staves
 64154 | Elf:3    | Reached skill level 1 in Evocations
 64290 | Elf:3    | Found Dyipoote's Armour Boutique.
 64648 | Elf:3    | Reached XP level 21. HP: 75/121 MP: 31/49
 65328 | Elf:3    | Found Xiojas's Assorted Antiques.
 65331 | Elf:3    | Found Qitol's Antique Weapon Shoppe.
 65336 | Elf:3    | Bought a moonstone ring for 205 gold pieces
 65336 | Elf:3    | Bought 2 potions of enlightenment for 410 gold pieces
 65437 | Elf:3    | Identified the +0 chain mail of Weirdness {rElec Slay+2}
 65639 | Elf:3    | Identified the ring of Makhleb's Envy {rPois Str+2}
 65641 | Elf:3    | Identified the +1 great mace "Ucsantaith" {protect, Str+4
                  | Dex+3}
 65807 | Elf:3    | Identified the +6 hand axe "Wemekaf" {spect, rElec Str+3
                  | Int+3}
 65811 | Elf:3    | Reached skill level 5 in Evocations
 66143 | Elf:3    | Reached skill level 5 in Staves
 66277 | Elf:3    | Identified the +1 chain mail of Ezoch {rF+++ rCorr Str-2}
 66673 | Elf:3    | Identified the staff "Etystete" {Fly rElec Air}
 66689 | Elf:3    | Got Sif Muna's Vellum of Arson
 67127 | Depths:1 | Entered Level 1 of the Depths
 67601 | Depths:1 | Found a radiant altar of Vehumet.
 67658 | Depths:1 | Noticed Aizul
 67662 | Depths:1 | Killed Aizul
 67997 | Depths:1 | Found a one-way gate to the infinite horrors of the Abyss.
 67998 | Depths:1 | Found Wuhuawu's Armour Shoppe.
 68722 | Depths:1 | Found a gateway to Hell.
 68903 | Depths:1 | Identified the +1 ring mail "Tamag" {+Blink rElec Will-
                  | Int-2}
 69595 | Depths:2 | Found a runed translucent gate.
 69596 | Depths:2 | Found a runed translucent gate.
 69597 | Depths:2 | Found a runed translucent gate.
 69597 | Depths:2 | Noticed Roffer's ghost (adept DsGl)
 69757 | Vaults:1 | You paid a toll of a +4 demon trident to enter a treasure
                  | trove
 69758 | Trove    | Entered a treasure trove
 69769 | Trove    | Got the Elucidation of Flashy Wicked Magic
 69781 | Trove    | Got Sif Muna's Handbook of Last Rites and Striking
 69800 | Trove    | Got the Precepts of the Band and Sciomancy
 69818 | Trove    | Got Cuempifi's Spellbook of Clouds
 69933 | Depths:2 | Reached XP level 22. HP: 86/127 MP: 41/50
 70104 | Depths:2 | Found a one-way gate leading to the halls of Pandemonium.
 70282 | Depths:2 | Found Ipliusch's General Store.
 70415 | Depths:2 | Bought a potion of curing for 60 gold pieces
 70415 | Depths:2 | Bought a scroll of revelation for 150 gold pieces
 70993 | Depths:2 | Found the +0 mask of the Dragon {Will+ Slay+3 SInv}
 71171 | Depths:2 | Identified the +0 shadow dragon scales of Afryf {rElec rC+
                  | Str+4 Int-2 Stlth++++}
 71475 | Depths:2 | Found the +2 hood of the Assassin {Detect Stab+ Stlth++}
 71476 | Depths:2 | Found a shadowy altar of Dithmenos.
 71624 | Depths:2 | Killed Roffer's ghost
 71750 | Depths:3 | Noticed a dread lich
 71751 | Depths:3 | Found a one-way gateway to a ziggurat.
 71751 | Depths:3 | Noticed a dread lich
 71754 | Depths:3 | Killed a dread lich
 71754 | Depths:3 | Killed a dread lich
 71754 | Depths:3 | Paralysed by a sphinx for 3 turns
 71756 | Depths:3 | Noticed Vv
 71758 | Depths:3 | Killed Vv
 71766 | Depths:3 | Noticed a golden dragon
 71776 | Depths:3 | Killed a golden dragon
 72211 | Depths:3 | Noticed a caustic shrike
 72439 | Depths:3 | Killed a caustic shrike
 72527 | Depths:3 | Reached skill level 27 in Earth Magic
 72531 | Depths:3 | Noticed a golden dragon
 72536 | Depths:3 | Killed a golden dragon
 72677 | Depths:3 | Noticed a caustic shrike
 72680 | Depths:3 | Killed a caustic shrike
 72728 | Depths:3 | Noticed a caustic shrike
 72948 | Depths:3 | Killed a caustic shrike
 73297 | Depths:3 | Noticed Parghit
 73304 | Depths:3 | Killed Parghit
 73590 | Depths:3 | Found Uchidef's Assorted Antiques.
 73601 | Depths:3 | Bought a scroll of teleportation for 87 gold pieces
 73647 | Depths:3 | Identified the +4 lajatang "Qusukhat" {freeze, Str-5 Int+4}
 73743 | Depths:4 | Entered Level 4 of the Depths
 73748 | Depths:4 | Noticed the Enchantress
 73750 | Depths:4 | Killed the Enchantress
 73757 | Depths:4 | Reached XP level 23. HP: 91/132 MP: 28/51
 73884 | Depths:4 | Noticed Frederick
 74024 | Depths:4 | Killed Frederick
 74377 | Depths:4 | Found a gate to the Realm of Zot.
 74655 | Depths:4 | Found Giseidaa's Weapon Shop.
 74779 | Depths:4 | Found Ryrghoa's Blood Bar.
 75112 | Depths:4 | Learned a level 2 spell: Sublimation of Blood
 75347 | Crypt:1  | Entered Level 1 of the Crypt
 76567 | Crypt:2  | Reached skill level 1 in Necromancy
 76930 | Crypt:2  | Reached skill level 5 in Necromancy
 77976 | Crypt:2  | Identified the +0 helmet "Jeguestu" {Int+2}
 78315 | Crypt:3  | Entered Level 3 of the Crypt
 79016 | Crypt:3  | Reached skill level 10 in Evocations
 79451 | Crypt:3  | Noticed an ancient lich
 79453 | Crypt:3  | Killed an ancient lich
 79756 | Crypt:3  | Found a staircase to the Tomb.
 79794 | Crypt:3  | Noticed an ancient lich
 79795 | Crypt:3  | Noticed an ancient lich
 79795 | Crypt:3  | Killed a dread lich
 79795 | Crypt:3  | Killed an ancient lich
 79795 | Crypt:3  | Identified the +0 halberd of the Teaching Wolf {flame, rF++
                  | Str+2 Dex-5 SInv}
 79795 | Crypt:3  | Noticed Khufu
 79795 | Crypt:3  | Noticed a royal mummy
 79796 | Crypt:3  | Reached skill level 10 in Staves
 79796 | Crypt:3  | Reached XP level 24. HP: 136/136 MP: 51/51
 79797 | Crypt:3  | Killed an ancient lich
 79799 | Crypt:3  | Killed Khufu
 79799 | Crypt:3  | Killed a royal mummy
 79993 | Crypt:3  | Found an ancient bone altar of Kikubaaqudgha.
 80127 | Crypt:3  | Identified the ring of Ciuw {rF+ Will+ Str+3}
 80561 | Crypt:3  | Identified the staff "Ysuigom" {*Corrode rF+ Str+3 Dex+8
                  | Hexes Fire}
 81940 | Vaults:5 | Entered Level 5 of the Vaults
 81997 | Vaults:5 | Noticed a dread lich
 81999 | Vaults:5 | Killed a dread lich
 82000 | Vaults:5 | Reached skill level 15 in Staves
 82103 | Vaults:5 | Reached skill level 10 in Fighting
 82466 | Vaults:5 | Identified the +6 broad axe "Kacog" {pain, rC+ Str+3 Int+3}
 82524 | Vaults:5 | Reached XP level 25. HP: 113/138 MP: 44/51
 82551 | Vaults:5 | Noticed an ancient lich
 82711 | Vaults:5 | Killed an ancient lich
 82795 | Vaults:5 | Identified the +4 short sword of Wopaemm {drain, rPois
                  | Will+ MP-9}
 82797 | Vaults:5 | Got the Incunable of the Stony Serac
 82801 | Vaults:5 | Identified the +9 hand axe of Inconvenience {freeze, rC+
                  | Dex+3}
 82998 | Vaults:5 | Got a silver rune of Zot
 83165 | Vaults:5 | Identified the +2 great mace of Zuzaod {heavy, rElec rPois
                  | Dex-4}
 83188 | Vaults:5 | Identified the +0 robe of the Imp {Stlth+}
 83709 | Zot:1    | Entered Level 1 of the Realm of Zot
 84421 | Zot:1    | Noticed an orb of fire
 84432 | Zot:1    | Learned a level 8 spell: Lehudib's Crystal Spear
 84438 | Zot:1    | Killed an orb of fire
 84477 | Zot:1    | Noticed an orb of fire
 84479 | Zot:1    | Gained mutation: Armour fits poorly on your strangely
                  | shaped body. [an orb of fire]
 84481 | Zot:1    | Killed an orb of fire
 85844 | Zot:2    | Reached skill level 27 in Dodging
 85879 | Zot:1    | Upgraded the game from 0.31-a0-360-gb3e1d13bf4 to
                  | 0.31-a0-365-gcf821cafb2
 86396 | Zot:2    | Identified the +1 short sword of the Onslaught {speed, rF++
                  | Dex+2}
 87217 | Zot:3    | Found the +10 Black Knight's barding {ponderous, rPois rN+}
 87804 | Zot:3    | Reached XP level 26. HP: 126/152 MP: 25/51
 88389 | Zot:3    | Reached skill level 10 in Necromancy
 88972 | Zot:4    | Noticed Grunn
 88977 | Zot:4    | Killed Grunn
 89137 | Zot:4    | Identified the +5 short sword "Gidwa Fevui" {freeze, rC+
                  | rN+}
 89192 | Zot:4    | Noticed an orb of fire
 89321 | Zot:4    | Killed an orb of fire
 90039 | Zot:5    | Entered Level 5 of the Realm of Zot
 90042 | Zot:5    | Reached skill level 15 in Necromancy
 90105 | Zot:5    | Identified the +6 war axe of the Fae God {antimagic, Will+
                  | rCorr Int+2 Dex-2}
 90205 | Zot:5    | Noticed an orb of fire
 90209 | Zot:5    | Gained mutation: You occasionally lose the ability to drink
                  | potions when taking damage. [an orb of fire]
 90210 | Zot:5    | Killed an orb of fire
 90355 | Zot:5    | Noticed a dread lich
 90358 | Zot:5    | Killed a dread lich
 90365 | Zot:5    | Noticed an ancient lich
 90505 | Zot:5    | Noticed a dread lich
 90507 | Zot:5    | Killed an ancient lich
 90508 | Zot:5    | Killed a dread lich
 90757 | Zot:5    | Noticed an ancient lich
 90761 | Zot:5    | Killed an ancient lich
 91079 | Zot:5    | Noticed an orb of fire
 91082 | Zot:5    | Gained mutation: You are clumsy. (Dex -2) [an orb of fire]
 91084 | Zot:5    | Killed an orb of fire
 91213 | Zot:5    | Noticed a dread lich
 91215 | Zot:5    | Killed a dread lich
 91256 | Zot:5    | Noticed an ancient lich
 91258 | Zot:5    | Killed an ancient lich
 91355 | Zot:5    | Noticed an orb of fire
 91357 | Zot:5    | Noticed an orb of fire
 91360 | Zot:5    | Noticed an orb of fire
 91361 | Zot:5    | Killed an orb of fire
 91408 | Zot:5    | Killed an orb of fire
 91409 | Zot:5    | Reached XP level 27. HP: 157/157 MP: 38/51
 91508 | Zot:5    | Noticed an orb of fire
 91518 | Zot:5    | Gained mutation: Your magical capacity is low. (-10% MP)
                  | [an orb of fire]
 91520 | Zot:5    | Killed an orb of fire
 91535 | Zot:5    | Gained mutation: Your natural rate of healing is unusually
                  | fast. [an orb of fire]
 91536 | Zot:5    | Killed an orb of fire
 92197 | Zot:5    | Noticed an orb of fire
 92200 | Zot:5    | Killed an orb of fire
 92248 | Zot:4    | Learned a level 9 spell: Death's Door
 93750 | Depths:1 | Voluntarily entered the Abyss.
 94197 | Abyss:1  | Lost mutation: Your natural rate of healing is unusually
                  | fast. [potion of mutation]
 94197 | Abyss:1  | Lost mutation: You are clumsy. (Dex -2) [potion of
                  | mutation]
 94197 | Abyss:1  | Gained mutation: You have a pair of small horns on your
                  | head. [potion of mutation]
 94197 | Abyss:1  | Gained mutation: You are weak. (Str -2) [potion of
                  | mutation]
 94197 | Abyss:1  | Gained mutation: You possess an exceptional clarity of
                  | mind. [potion of mutation]
 94197 | Abyss:1  | Gained mutation: You are robust. (+10% HP) [potion of
                  | mutation]
 94198 | Abyss:1  | Lost mutation: You have a pair of small horns on your head.
                  | [potion of mutation]
 94198 | Abyss:1  | Lost mutation: Armour fits poorly on your strangely shaped
                  | body. [potion of mutation]
 94198 | Abyss:1  | Gained mutation: You have a pair of small antennae on your
                  | head. [potion of mutation]
 94199 | Abyss:1  | Lost mutation: You possess an exceptional clarity of mind.
                  | [potion of mutation]
 94199 | Abyss:1  | Lost mutation: You have a pair of small antennae on your
                  | head. [potion of mutation]
 94199 | Abyss:1  | Gained mutation: You occasionally shout uncontrollably at
                  | your foes. [potion of mutation]
 94332 | Abyss:1  | Reached skill level 5 in Stealth
 94370 | Abyss:1  | Found a corrupted altar of Lugonu.
 94419 | Abyss:1  | Found a corrupted altar of Lugonu.
 94420 | Abyss:1  | Found a corrupted altar of Lugonu.
 94420 | Abyss:1  | Found a corrupted altar of Lugonu.
 94519 | Abyss:2  | Noticed a dread lich
 94540 | Abyss:2  | Killed a dread lich
 94556 | Abyss:3  | Found a corrupted altar of Lugonu.
 94570 | Abyss:3  | Got an abyssal rune of Zot
 94617 | Abyss:3  | Found a corrupted altar of Lugonu.
 94638 | Abyss:3  | Found a corrupted altar of Lugonu.
 94644 | Abyss:3  | Found a corrupted altar of Lugonu.
 94691 | Abyss:3  | Found a corrupted altar of Lugonu.
 94722 | Depths:1 | Escaped the Abyss
 95055 | Slime:1  | Entered Level 1 of the Pits of Slime
 95237 | Slime:1  | Paralysed by a formless jellyfish for 1 turns
 95376 | Slime:1  | Reached skill level 5 in Air Magic
 96290 | Slime:5  | Entered Level 5 of the Pits of Slime
 96290 | Slime:5  | Found the +8 whip "Snakebite" {venom, curare, rPois}
 96830 | Slime:5  | Identified the amulet "Remasitt" {Acrobat rN+ Will+}
 96846 | Slime:5  | Identified the +11 shortbow "Orhyah" {antimagic, Contam
                  | Will- Str+8 Dex+5}
 97351 | Slime:5  | Found the ring of the Hare {EV+10}
 97358 | Slime:5  | Found a viscous altar of Jiyva.
 97503 | Slime:5  | Noticed the Royal Jelly
 97612 | Slime:5  | Killed the Royal Jelly
 97613 | Slime:5  | Reached skill level 10 in Air Magic
 98318 | Slime:5  | Got a slimy rune of Zot
 98332 | Slime:5  | Identified the +5 scale mail "Gezul" {Str+2}
 98352 | Slime:5  | Identified the +0 plate armour of Henotheism {Int+2 Dex+3}
 98958 | Pan      | Entered Pandemonium
 99321 | Pan      | Identified the +5 longbow of the Magi {freeze, *Corrode
                  | rC++ Will+}
 99585 | Pan      | Noticed Dicageck the pandemonium lord
 99785 | Pan      | Killed Dicageck the pandemonium lord
 99939 | Pan      | Gained mutation: Your spells are a little easier to cast,
                  | but a little less powerful. [a neqoxec]
 99941 | Pan      | Lost mutation: You occasionally lose the ability to drink
                  | potions when taking damage. [potion of mutation]
 99941 | Pan      | Lost mutation: You occasionally shout uncontrollably at
                  | your foes. [potion of mutation]
 99941 | Pan      | Gained mutation: You are covered in fur. (AC +1) [potion of
                  | mutation]
 99941 | Pan      | Gained mutation: You have sharp fingernails. [potion of
                  | mutation]
 99942 | Pan      | Lost mutation: Your spells are a little easier to cast, but
                  | a little less powerful. [potion of mutation]
 99942 | Pan      | Lost mutation: You have sharp fingernails. [potion of
                  | mutation]
 99942 | Pan      | Lost mutation: You are robust. (+10% HP) [potion of
                  | mutation]
 99942 | Pan      | Lost mutation: Your magical capacity is low. (-10% MP)
                  | [potion of mutation]
100359 | Pan      | HP: 5/153 [something (12)]
100368 | Pan      | Noticed Samal the pandemonium lord
100704 | Pan      | Noticed Wiarch the pandemonium lord
100709 | Pan      | Killed Wiarch the pandemonium lord
101661 | Pan      | Entered the realm of Cerebov.
101810 | Pan      | Found an exit through the horrors of the Abyss.
102597 | Pan      | Identified the ring "Tyhesy" {Fly rC- Int+4}
102766 | Pan      | Identified the +5 chain mail of Pasu {rPois rF++ Will+++
                  | Int-2}
102777 | Pan      | Identified the +6 orcbow "Lyojuc" {heavy, rElec}
102873 | Pan      | Identified the ring "Denkifuta" {rPois rC+ Dex+2}
102874 | Pan      | Identified the staff "Acono" {rElec rF+ rN+ Will+ Stlth+
                  | Necro}
102930 | Pan      | Identified the +7 battleaxe "Conservator" {heavy, Fragile
                  | rElec Int+3 Dex+4}
102932 | Pan      | Identified the +0 leather armour of the Blue Moon {rCorr
                  | Dex-4 SInv}
103241 | Pan      | Found the +6 sword of Cerebov {flame}
103241 | Pan      | Noticed Cerebov
103427 | Pan      | Killed Cerebov
103802 | Pan      | Got a fiery rune of Zot
103866 | Pan      | Took an exit into the Abyss.
103866 | Abyss:3  | Escaped into the Abyss
103904 | Depths:2 | Escaped the Abyss
103917 | Depths:2 | Learned a level 8 spell: Borgnjor's Revivification
103974 | Pan      | Entered Pandemonium
103996 | Pan      | Reached skill level 15 in Fighting
104117 | Pan      | Entered the realm of Gloorx Vloq.
105177 | Pan      | Noticed Gloorx Vloq
105538 | Pan      | Got a dark rune of Zot
105598 | Pan      | Entered the realm of Lom Lobon.
106141 | Pan      | Found an exit through the horrors of the Abyss.
107318 | Pan      | Noticed Lom Lobon
107336 | Pan      | Killed Lom Lobon
107717 | Pan      | Got a magical rune of Zot
107960 | Pan      | Entered the realm of Mnoleg.
107963 | Pan      | Gained mutation: You are very weak. (Str -4) [a neqoxec]
107964 | Pan      | Gained mutation: You sometimes lose your temper in combat.
                  | [a neqoxec]
107966 | Pan      | Lost mutation: You are very weak. (Str -4) [potion of
                  | mutation]
107966 | Pan      | Lost mutation: You sometimes lose your temper in combat.
                  | [potion of mutation]
107966 | Pan      | Gained mutation: Your body sometimes deteriorates upon
                  | taking damage. [potion of mutation]
107966 | Pan      | Gained mutation: You are strong-willed. (Will+) [potion of
                  | mutation]
108194 | Pan      | Gained mutation: You are occasionally teleported next to
                  | monsters. [a cacodemon]
108195 | Pan      | Gained mutation: Potions are less effective at restoring
                  | your health. [a neqoxec]
108367 | Pan      | Gained mutation: You are frail. (-10% HP) [a neqoxec]
108378 | Pan      | Gained mutation: You are clumsy. (Dex -2) [a neqoxec]
108410 | Pan      | Gained mutation: Your body often deteriorates upon taking
                  | damage. [a cacodemon]
108600 | Pan      | Noticed Mnoleg
108600 | Pan      | Gained mutation: Armour fits poorly on your strangely
                  | shaped body. [a shining eye]
108604 | Pan      | Gained mutation: You are very weak. (Str -4) [Mnoleg's
                  | mutagenic touch]
108606 | Pan      | Killed Mnoleg
108607 | Pan      | Reached skill level 27 in Necromancy
108616 | Pan      | Gained mutation: You do not regenerate when monsters are
                  | visible. [a neqoxec]
108888 | Pan      | Got a glowing rune of Zot
108927 | Depths:2 | Escaped Pandemonium
108929 | Pan      | Entered Pandemonium
109026 | Pan      | Identified the +0 scale mail of Cielaj {rElec Stlth+}
109027 | Pan      | Lost mutation: Your body often deteriorates upon taking
                  | damage. [potion of mutation]
109027 | Pan      | Lost mutation: Armour fits poorly on your strangely shaped
                  | body. [potion of mutation]
109027 | Pan      | Lost mutation: You are frail. (-10% HP) [potion of
                  | mutation]
109027 | Pan      | Gained mutation: Your magical capacity is low. (-10% MP)
                  | [potion of mutation]
109027 | Pan      | Gained mutation: Your spells are a little harder to cast,
                  | but a little more powerful. [potion of mutation]
109028 | Pan      | Lost mutation: You do not regenerate when monsters are
                  | visible. [potion of mutation]
109028 | Pan      | Lost mutation: Your spells are a little harder to cast, but
                  | a little more powerful. [potion of mutation]
109028 | Pan      | Lost mutation: You are clumsy. (Dex -2) [potion of
                  | mutation]
109028 | Pan      | Lost mutation: You are occasionally teleported next to
                  | monsters. [potion of mutation]
109224 | Pan      | Noticed Pemagh the pandemonium lord
109227 | Pan      | Killed Pemagh the pandemonium lord
109516 | Pan      | Noticed Gloorx Vloq
109516 | Pan      | Found an exit through the horrors of the Abyss.
109837 | Pan      | Noticed Mouhupn the pandemonium lord
109851 | Pan      | Killed Mouhupn the pandemonium lord
110105 | Pan      | Gained mutation: You are clumsy. (Dex -2) [a neqoxec]
110986 | Pan      | Noticed Fiept the pandemonium lord
110993 | Pan      | Killed Fiept the pandemonium lord
111171 | Pan      | Learned a level 4 spell: Dispel Undead
111884 | Pan      | Gained mutation: Your magical capacity is very low. (-20%
                  | MP) [a cacodemon]
111900 | Pan      | Lost mutation: You are covered in fur. (AC +1) [potion of
                  | mutation]
111900 | Pan      | Lost mutation: Your body sometimes deteriorates upon taking
                  | damage. [potion of mutation]
111900 | Pan      | Lost mutation: Potions are less effective at restoring your
                  | health. [potion of mutation]
111900 | Pan      | Lost mutation: You are clumsy. (Dex -2) [potion of
                  | mutation]
111901 | Pan      | Lost mutation: You are very weak. (Str -4) [potion of
                  | mutation]
111901 | Pan      | Lost mutation: Your magical capacity is very low. (-20% MP)
                  | [potion of mutation]
111901 | Pan      | Gained mutation: Your spells are a little harder to cast,
                  | but a little more powerful. [potion of mutation]
111901 | Pan      | Gained mutation: You passively map a small area around you.
                  | [potion of mutation]
111903 | Pan      | Found an exit through the horrors of the Abyss.
111907 | Pan      | Took an exit into the Abyss.
111907 | Abyss:3  | Escaped into the Abyss
111962 | Depths:2 | Escaped the Abyss
111964 | Pan      | Entered Pandemonium
112011 | Pan      | Lost mutation: Your spells are a little harder to cast, but
                  | a little more powerful. [a cacodemon]
112091 | Pan      | Noticed Gloorx Vloq
112103 | Pan      | Killed Gloorx Vloq
112683 | Pan      | Noticed Mergh the pandemonium lord
112688 | Pan      | Reached skill level 27 in Spellcasting
112695 | Pan      | Found an exit through the horrors of the Abyss.
112702 | Pan      | Took an exit into the Abyss.
112702 | Abyss:4  | Escaped into the Abyss
112702 | Abyss:4  | Found a corrupted altar of Lugonu.
112840 | Abyss:6  | Found a corrupted altar of Lugonu.
112848 | Abyss:6  | Found a corrupted altar of Lugonu.
112848 | Abyss:6  | Gained mutation: Your magical capacity is very low. (-20%
                  | MP) [a neqoxec]
112854 | Abyss:7  | Entered Level 7 of the Abyss
112887 | Depths:2 | Escaped the Abyss
112932 | Depths:2 | Learned a level 2 spell: Blink
112933 | Pan      | Entered Pandemonium
112941 | Pan      | Found an exit through the horrors of the Abyss.
112950 | Pan      | Took an exit into the Abyss.
112950 | Abyss:7  | Escaped into the Abyss
112950 | Abyss:7  | Entered Level 7 of the Abyss
113010 | Depths:2 | Escaped the Abyss
113182 | Pan      | Entered Pandemonium
113288 | Pan      | Noticed Casoh the pandemonium lord
113590 | Pan      | Reached skill level 10 in Translocations
113912 | Pan      | Found an exit through the horrors of the Abyss.
114525 | Pan      | Noticed Hithilum the pandemonium lord
114528 | Pan      | Killed Hithilum the pandemonium lord
114795 | Pan      | Got a demonic rune of Zot
115018 | Pan      | Noticed Rusotty the pandemonium lord
115022 | Pan      | Killed Rusotty the pandemonium lord
115414 | Pan      | Found an exit through the horrors of the Abyss.
115533 | Depths:2 | Escaped Pandemonium
115599 | Hell     | Entered the Vestibule of Hell
115599 | Hell     | Noticed Geryon
115605 | Hell     | Killed Geryon
115804 | Depths:2 | Learned a level 9 spell: Chain Lightning
116152 | Hell     | Found a gateway to the ashen valley of Gehenna.
116182 | Hell     | Found a gateway to the decaying netherworld of Tartarus.
116221 | Hell     | Found a gateway to the freezing wastes of Cocytus.
116511 | Tar:1    | Entered Level 1 of Tartarus
116718 | Tar:4    | Noticed an ancient lich
116718 | Tar:4    | Noticed an ancient lich
116876 | Tar:2    | You fall into a shaft and drop 2 floors!
116883 | Tar:4    | Killed an ancient lich
116884 | Tar:4    | Killed an ancient lich
117209 | Tar:5    | Reached skill level 15 in Air Magic
117373 | Tar:7    | Entered Level 7 of Tartarus
118954 | Tar:7    | HP: 5/169 [profane servitor/+1 whip (5)]
118972 | Tar:7    | HP: 4/175 [tainted leviathan (31)]
120026 | Tar:7    | Noticed the Serpent of Hell
120056 | Tar:7    | Killed the Serpent of Hell
120853 | Tar:7    | Found the +2 ratskin cloak {*Rats rPois rN+ Str-1 Int-1
                  | Dex+1}
120855 | Tar:7    | Identified the staff of Exquisite Torment {*Slow rElec rF+
                  | Int+4 Dex+3 Fire}
121389 | Tar:7    | Found the +3 greatsling "Punk" {acid, rCorr}
121390 | Tar:7    | Identified the +1 ring mail "Rosa" {Str+2 Dex+2}
121394 | Tar:7    | Identified the +3 shortbow "Xaciuw" {elec, rPois rC+ rN+
                  | Will+}
121492 | Tar:7    | Noticed Ereshkigal
121500 | Tar:7    | Killed Ereshkigal
121607 | Tar:7    | Identified the staff "Bacweto" {Str+2 Conj}
121610 | Tar:7    | Identified the +10 battleaxe of Zitzalo {venom, Fly}
121617 | Tar:7    | Got a bone rune of Zot
121625 | Tar:7    | Identified the +3 flail of Sloth {protect, Fly rPois Str-5
                  | Dex+7}
121626 | Tar:7    | Identified the +5 long sword of Honour {vamp, rN+ Int-5
                  | Dex+3}
121859 | Hell     | Found a gateway to the Iron City of Dis.
121957 | Dis:1    | Entered Level 1 of the Iron City of Dis
122440 | Dis:2    | You fall into a shaft and drop 1 floor!
122749 | Dis:4    | HP: 3/157 [crystal guardian/crystal bolt (16)]
122750 | Dis:4    | Killed from afar by a crystal guardian

Illustrated notes

Levels and vault maps discovered:
D:1:      dpeg_arrival_ternary, layout_loops_ring
D:2:      layout_basic
D:3:      layout_basic, mainiacjoe_overflow_small_starburst,
          shapermc_ecumenical_altar_mp_vishouse, uniq_natasha,
          uniq_crazy_yiuf_cottage
D:4:      layout_loops_corners, temple_green, serial_shops, shop,
          gammafunk_ghost_necromancy
D:5:      layout_basic, uniq_grinder, uniq_edmund
D:6:      layout_loops_ring, serial_aquarium, aquarium_bridge_long_joined
          [aquarium_subvault_bridge, aquarium_subvault_wall,
          aquarium_subvault_bridge, aquarium_subvault_window,
          aquarium_subvault_window, aquarium_subvault_bridge],
          aquarium_window_corner, aquarium_window_1, aquarium_window_corridor_1,
          aquarium_window_2, aquarium_view_2b, aquarium_view_2c,
          aquarium_pool_corner, uniq_duvessa, uniq_sigmund, uniq_maggie
D:7:      layout_gridville, minmay_shop_damaged, uniq_joseph
D:8:      layout_basic, nicolae_overflow_squiral, grunt_temple_overflow_open
D:9:      layout_rooms, uniq_harold
D:10:     minmay_weird_star, layout_basic, minmay_lair_entry_grove,
          hangedman_abyss_or_decor_stagger, nicolae_elemental_shop,
          minmay_misc_feat_more_columns, uniq_urug
D:11:     layout_basic, orc_0_dummy, uniq_josephine
D:12:     layout_stronghold
D:13:     layout_small_grid
D:14:     layout_stronghold, david_vaults_5, chequers_serial_rivers_micro_c
D:15:     grunt_enter_depths_giant_problem, layout_cave_pods,
          amcnicky_mini_rare_corridor_liquid
Temple:   eino_wide_crystal_templ
Lair:1:   layout_cave_pods, gauntlet_entry_generic, grunt_megastairs_1
Lair:2:   layout_chaotic_city, spider_nest_entry_webs,
          nicolae_volcano_entry_hallway, lemuel_fruit_tree, uniq_amaemon
Lair:3:   layout_regular_city, swamp_mist_pool, basic_altar,
          beast_lair_carwin_3, infiniplex_staircase_pool
Lair:4:   layout_roguey, slime_entry_1, st_stairs_3, uniq_rupert
Lair:5:   grunt_lair_end_beastmaster, layout_regular_city
Swamp:1:  layout_basic_swamp, serial_swamp_ruin, evilmike_swamp_ruin_house_4,
          hangedman_swamp_ruin_wall, evilmike_swamp_ruin_house_6, swamp_pool1,
          nicolae_swamp_bunyip_nook, uniq_louise
Swamp:2:  layout_falls_marsh, evilmike_swamp_ruin_rubble_2,
          infiniplex_staircase_pool_2
Swamp:3:  layout_basic_swamp, nicolae_swamp_oxbows
Swamp:4:  byrel_swamp_growth_death_and_undeath, layout_basic_swamp
Spider:1: nicolae_spider_hilbert_zone_1 [nicolae_spider_hilbert_4_sides_1_open,
          nicolae_spider_hilbert_4_sides_1_open,
          nicolae_spider_hilbert_4_sides_1_open,
          nicolae_spider_hilbert_4_sides_1_open,
          nicolae_spider_hilbert_3_sides_1_open,
          nicolae_spider_hilbert_3_sides_1_open,
          nicolae_spider_hilbert_3_sides_1_open,
          nicolae_spider_hilbert_3_sides_1_open,
          nicolae_spider_hilbert_3_sides_1_open,
          nicolae_spider_hilbert_6_sides_1_open,
          nicolae_spider_hilbert_6_sides_1_open,
          nicolae_spider_hilbert_3_sides_1_open,
          nicolae_spider_hilbert_3_sides_1_open,
          nicolae_spider_hilbert_3_sides_1_open,
          nicolae_spider_hilbert_3_sides_1_open,
          nicolae_spider_hilbert_2_sides_1_open], nicolae_spider_circle_web,
          drop_trap, hellmonk_narrow_tunnel
Spider:2: layout_spider_delve
Spider:3: layout_spider_delve, gammafunk_ghost_cemetery,
          nicolae_spider_solar_radiation
Spider:4: johnstein_spider_rune_arachne_lair, nicolae_crawler_farm, uniq_arachne
Slime:1:  layout_caves
Slime:2:  layout_caves
Slime:3:  layout_caves
Slime:4:  layout_caves
Slime:5:  slime_pit_nicolae_jellycorners
Orc:1:    layout_diamond_mine
Orc:2:    st_orc_pillars, layout_caves
Elf:1:    minmay_elf_arrival_plus, layout_gridlike, minmay_elf_demonology,
          uniq_agnes
Elf:2:    nicolae_elf_blades_crystal_corner, layout_rooms, serial_shops,
          nicolae_square_shop, uniq_azrael
Elf:3:    minmay_elf_hall_quartered_circle, layout_geoelf_castle,
          mu_enter_wizlab_2, serial_shops, shop, nicolae_diamond_shop, shop,
          shop
Vaults:1: nicolae_vaults_security_offices_1, nicolae_vaults_wine_cellar,
          v_misc_12, nicolae_vaults_diamond_2, v_alt_pattern_3,
          nicolae_vaults_hallways_thing, layout_vaults_quadrants, enter_trove_1
Vaults:2: ontoclasm_vaults_fault, v_alt_pattern_3, nicolae_vaults_octagons,
          nicolae_vaults_diagonal_hallway_7, nicolae_vaults_storage_closets_3,
          minmay_crypt_entry_simple_statues, nicolae_vaults_closet_pinwheel_2,
          nicolae_vaults_house_1, nicolae_vaults_three_branches,
          grunt_vaults_funnel, nicolae_vaults_house_3, serial_ice_g,
          layout_vaults_chaotic_city
Vaults:3: vaults_mumra_minichess_inversion, nicolae_vaults_wrenched,
          vaults_dpeg_ring, nicolae_vaults_trapezoid_3,
          nicolae_vaults_yaktaur_gun_rack, nicolae_vaults_trapezoid_3,
          nicolae_vaults_rhombus_6, nicolae_vaults_tangram_2,
          ontoclasm_vaults_twist, vaults_room_fours,
          nicolae_vaults_security_offices_4, hangedman_vaults_nodes,
          nicolae_vaults_double_plus_3, nicolae_vaults_diagonal_hallway_8,
          nicolae_vaults_tetromino_Z_2, hangedman_vaults_cutoff,
          grunt_vaults_hallway_long, layout_vaults_maze, serial_shops, shop,
          uniq_xtahua, uniq_sojobo
Vaults:4: v_pattern_3, nicolae_vaults_trapezoid_3, nicolae_vaults_mitosis,
          nicolae_vaults_little_squares_1, grunt_vaults_swirl,
          nicolae_vaults_prndl, nicolae_vaults_heart-shaped_vault,
          vaults_room_ringed_pool, vaults_room_guarded_vault, v_misc_1,
          nicolae_vaults_tetromino_T_2, vaults_room_door_ring,
          hangedman_vaults_trim, nicolae_vaults_asterisk,
          layout_vaults_omnicross, serial_shops, nicolae_diamond_shop,
          uniq_margery
Vaults:5
Crypt:1:  layout_gridlike, grunt_crypt_arrival_webbed
Crypt:2:  layout_catacombs, minicrypt_bobbens
Crypt:3:  quadcrypt_mu, uniq_khufu, uniq_josephina
Depths:1: layout_gridlike, abyss_entry, vehumet_crystals, grunt_hell_horde,
          serial_shops, nicolae_shop_tiny_waterfront, interstate_on_off,
          dreamdust_looks_like_rain, grunt_megastairs_4, uniq_aizul
Depths:2: regret_index_dithmenos_brocken_genspenst, layout_cave_pools,
          roderic_roman_lattice, rand_demon_pan_entry_7,
          grunt_hell_entry_dis_grunt, serial_shops, shop,
          ebering_ghost_rock_garden, grunt_ministairs_8,
          infiniplex_staircase_zigzag_1
Depths:3: nicolae_fronds_of_death, layout_cave_shapes, enter_ziggurat_c,
          abyss_entry, nicolae_triple_integral, serial_shops,
          nicolae_shop_overgrown_old_shop, pf_hell_entry_tar_spiral,
          lightli_fourway_metalbox, uniq_vv, uniq_parghit
Depths:4: grunt_zot_entry_gee_three, layout_twisted_cross, serial_shops,
          nicolae_shop_waterfront, hell_entry, abyss_entry, guppyfry_shop_blood,
          uniq_frederick, uniq_enchantress
Hell
Dis:1:    layout_subdivisions, nicolae_dis_scattering
Dis:2:    layout_gridville
Dis:3:    layout_jigsaw
Dis:4:    layout_regular_city, nicolae_dis_distal_crystal
Dis:5:    layout_gridville
Tar:1:    layout_grid_maze
Tar:2:    layout_cathedral_of_symmetry
Tar:3:    layout_honeycomb
Tar:4:    layout_grid_maze, nicolae_tar_liches_on_tour
Tar:5:    layout_honeycomb, nicolae_tar_spectre_spectrum
Tar:6:    layout_honeycomb, nicolae_tar_four_comb_rooms
Tar:7:    tar_minmay_river
Zot:1:    kennysheep_bubbly, layout_gridlike
Zot:2:    layout_misc_corridors, grunt_megastairs_5, lemuel_elevator
Zot:3:    layout_twisted_circle
Zot:4:    layout_onion_interference, grunt_megastairs_2, uniq_grunn
Zot:5:    layout_misc_corridors

Skill      XL: |  1  2  3  4  5  6  7  8  9 10 11 12 13 14 15 16 17 18 19 20 21 22 23 24 25 26 27 |
---------------+----------------------------------------------------------------------------------+-----
Dodging        | 3 4 6 7 11 13 14 18 21 23 24 25 27 | 27.0
Poison Magic   | 4 5 6 7 |  7.1
Air Magic      | 2 3 18 | 18.4
Earth Magic    | 5 13 15 19 22 25 27 | 27.0
Conjurations   | 7 8 9 11 15 18 24 | 24.1
Spellcasting   | 5 8 10 13 19 20 22 27 | 27.0
Translocations | 5 10 | 10.8
Fighting       | 2 5 8 9 10 12 19 | 19.0
Staves         | 2 5 7 10 15 | 15.7
Evocations     | 2 6 7 11 12 | 12.0
Necromancy     | 9 19 27 | 27.0
Stealth        | 9 |  9.9
Transmutations | |  1.1

Action                     |  1- 3 |  4- 6 |  7- 9 | 10-12 | 13-15 | 16-18 | 19-21 | 22-24 | 25-27 || total
---------------------------+-------+-------+-------+-------+-------+-------+-------+-------+-------++-------
  Melee: Unarmed           |     6 |     4 |     1 |       |       |       |       |       |       ||    11
         Spear             |       |       |    22 |       |       |       |       |       |       ||    22
         Staff             |       |       |     2 |    50 |    37 |    15 |    21 |    10 |   858 ||   993
         Punch             |       |       |       |       |       |       |     1 |       |       ||     1
   Cast: Sting             |    60 |   100 |   205 |    65 |     5 |       |       |       |       ||   435
         Poisonous Vapours |     2 |    28 |    53 |   154 |   103 |   139 |    16 |     2 |       ||   497
         Mephitic Cloud    |       |     2 |    12 |    24 |    11 |     5 |       |       |       ||    54
         Olgreb's Toxic Ra |       |       |    12 |    40 |    64 |    41 |    12 |       |       ||   169
         Sandblast         |       |       |    19 |    32 |    17 |     4 |       |       |       ||    72
         Iskenderun's Myst |       |       |     1 |    76 |    98 |   133 |    74 |    36 |    88 ||   506
         Iskenderun's Batt |       |       |       |    34 |   107 |   144 |   124 |    62 |    79 ||   550
         Airstrike         |       |       |       |    10 |     9 |     7 |       |       |    14 ||    40
         Orb of Destructio |       |       |       |     3 |    54 |   142 |    51 |    36 |   135 ||   421
         Leda's Unmaking   |       |       |       |       |    71 |   150 |   273 |   226 |   888 ||  1608
         Lee's Rapid Decon |       |       |       |       |       |     8 |     5 |     4 |       ||    17
         Freezing Cloud    |       |       |       |       |       |    10 |     4 |       |       ||    14
         Shatter           |       |       |       |       |       |       |    93 |   193 |   510 ||   796
         Lehudib's Crystal |       |       |       |       |       |       |       |       |   252 ||   252
         Chain Lightning   |       |       |       |       |       |       |       |       |    25 ||    25
         Sublimation of Bl |       |       |       |       |       |       |       |       |    19 ||    19
         Death's Door      |       |       |       |       |       |       |       |       |     7 ||     7
         Dispel Undead     |       |       |       |       |       |       |       |       |     5 ||     5
         Blink             |       |       |       |       |       |       |       |       |     5 ||     5
  Evoke: Wand              |       |       |     9 |    15 |     2 |       |       |       |     7 ||    33
         Condenser vane    |       |       |       |       |       |     1 |     1 |       |     8 ||    10
    Use: Potion            |       |     1 |     2 |     6 |     4 |     5 |       |     2 |    26 ||    46
         Scroll            |       |       |     9 |     9 |    13 |    10 |     4 |     4 |    20 ||    69
   Stab: Invisible         |       |       |     4 |       |       |       |       |       |       ||     4
         Confused          |       |       |     1 |     2 |       |       |       |       |       ||     3
         Distracted        |       |       |       |       |       |       |       |       |     2 ||     2
 Armour: Robe              |     7 |     4 |    23 |    30 |    48 |    70 |    30 |    20 |    42 ||   274
         Acid dragon scale |       |       |       |       |       |       |       |       |   583 ||   583
  Dodge: Dodged            |    20 |    35 |    85 |   165 |   169 |   250 |   163 |   115 |  2185 ||  3187
  Block: Other             |     5 |     8 |    36 |    12 |    44 |    47 |    32 |       |       ||   184
         Reflection        |       |       |     5 |     6 |     2 |     4 |     8 |     1 |       ||    26
         Orb               |       |       |       |    30 |       |       |     2 |    17 |       ||    49

Table legend: (Time is in decaauts)
 A = Elapsed time spent in this place.
 B = Non-inter-level travel time spent in this place.
 C = Inter-level travel time spent in this place.
 D = Time resting spent in this place.
 E = Time spent auto-exploring this place.
 F = Levels seen in this place.
 G = Mean time per level.
                   A        B        C        D        E       F      G
               +--------+--------+--------+--------+--------+-----+--------+
         Total | 123142 | 112747 |  10395 |  23523 |  68417 | 113 | 1089.8 |
       Dungeon |  23299 |  19877 |   3422 |   2825 |  14298 |  15 | 1553.3 |
        Temple |     44 |      2 |     42 |      0 |      0 |   1 |   44.0 |
          Lair |   8319 |   7628 |    691 |   1063 |   5546 |   5 | 1663.8 |
         Swamp |   6158 |   5824 |    334 |   1054 |   4016 |   4 | 1539.5 |
   Spider Nest |   9580 |   9301 |    279 |   2637 |   5428 |   4 | 2395.0 |
    Slime Pits |   3495 |   3379 |    116 |   2034 |    750 |   5 |  699.0 |
  Orcish Mines |   4563 |   3594 |    969 |    981 |   1936 |   2 | 2281.5 |
   Elven Halls |   6280 |   5608 |    672 |    419 |   4331 |   3 | 2093.3 |
        Vaults |  12207 |  10845 |   1362 |   1492 |   8064 |   5 | 2441.4 |
         Crypt |   5340 |   5091 |    249 |    701 |   3755 |   3 | 1780.0 |
        Depths |   9139 |   8160 |    979 |   2900 |   4219 |   4 | 2284.8 |
          Hell |    885 |    817 |     68 |    376 |    306 |   1 |  885.0 |
           Dis |    521 |    495 |     26 |    217 |    138 |   5 |  104.2 |
      Tartarus |   5160 |   4571 |    589 |   1105 |   2530 |   7 |  737.1 |
           Zot |   9193 |   8605 |    588 |   2596 |   4556 |   5 | 1838.6 |
         Abyss |   1280 |   1280 |      0 |    219 |     79 |  11 |  116.4 |
   Pandemonium |  15695 |  15695 |      0 |   2446 |   7383 |  29 |  541.2 |
         Trove |     67 |     67 |      0 |      0 |     52 |   1 |   67.0 |
       Volcano |    389 |    389 |      0 |     20 |    266 |   1 |  389.0 |
        Wizlab |   1012 |   1012 |      0 |    264 |    557 |   1 | 1012.0 |
      Gauntlet |    506 |    506 |      0 |    171 |    204 |   1 |  506.0 |
               +--------+--------+--------+--------+--------+-----+--------+

Top non-repeatable levels by time:
   Tar:7: 4438 daAuts
Depths:2: 3555 daAuts
Spider:4: 3418 daAuts
Vaults:3: 3050 daAuts
   Orc:2: 3025 daAuts
Spider:1: 2838 daAuts
Vaults:4: 2747 daAuts
   Elf:3: 2743 daAuts
Vaults:1: 2743 daAuts
Vaults:2: 2609 daAuts
Depths:1: 2437 daAuts
    D:14: 2332 daAuts
     D:4: 2300 daAuts
 Crypt:3: 2222 daAuts
   Zot:5: 2112 daAuts
